 Dungeon Crawl Stone Soup version 0.26-a0-639-g72c4674329 (webtiles) character file.

Game seed: 18035871213665033814

4 Masnef the Sneak (level 1, 0/11 HPs)
             Began as a Vine Stalker Delver on Sept 19, 2020.
             Was an Initiate of Fedhas.
             Succumbed to an adder's poison
             ... on level 4 of the Dungeon.
             The game lasted 00:04:30 (838 turns).

Masnef the Sneak (Vine Stalker Delver)               Turns: 838, Time: 00:04:31

Health: 0/11       AC:  3    Str: 14    XL:     1   Next: 60%
Magic:  1/2        EV: 12    Int: 10    God:    Fedhas [......]
Gold:   17         SH:  0    Dex: 15    Spells: 0/0 levels left

rFire    . . .     SeeInvis .   a - +0 short sword
rCold    . . .     Faith    .   (no shield)
rNeg     . . .     Spirit   +   b - +0 leather armour
rPois    .         Reflect  .   (no helmet)
rElec    .         Harm     .   (no cloak)
rCorr    .         Rampage  .   (no gloves)
MR       .....                  (no boots)
Stlth    +++.......             (no amulet)
HPRegen  0.03/turn              (no ring)
MPRegen  0.08/turn              (no ring)

@: lethally poisoned (0 -> -5)
A: fangs 2, magic shield, antimagic bite, no potion heal 3, rot immunity
a: Renounce Religion


You were on level 4 of the Dungeon.
You worshipped Fedhas.
Fedhas was noncommittal.
You visited 2 branches of the dungeon, and saw 4 of its levels.

You collected 17 gold pieces.

Inventory:

Hand Weapons
 a - a +0 short sword (weapon)
Armour
 b - a +0 leather armour (worn)
Wands
 g - a wand of digging (3)
Scrolls
 c - a scroll of fog
 e - a scroll of fear
 h - a scroll of identify {unknown}
Potions
 f - a potion of haste


   Skills:
 - Level 2.6 Fighting
 - Level 1.7 Short Blades
 - Level 1.5 Dodging
 + Level 6.3 Stealth


You couldn't memorise any spells.
You didn't know any spells.
Your spell library was empty.

Dungeon Overview and Level Annotations

Branches:
Dungeon (5/15)             Temple (1/1) D:4

Altars:
Ashenzari
Cheibriados
Dithmenos
Elyvilon
Fedhas
Gozag
Hepliaklqana
Kikubaaqudgha
Makhleb
Nemelex Xobeh
Okawaru
Qazlal
Ru
Sif Muna
Trog
Uskayaw
Vehumet
Wu Jian
Yredelemnul
Zin
The Shining One

Annotations:
D:3 Sigmund


Innate Abilities, Weirdness & Mutations

You have extremely sharp teeth.
When hurt, damage is shared between your health and your magic reserves.
Your bite disrupts and absorbs the magic of your enemies.
Potions cannot restore your health.
You are immune to rotting.


Message History

The adder is moderately wounded.
The adder bites you but does no damage. The adder barely misses you. x2
Found a scroll labeled IHIOM JISA.
The adder bites you. The orc closely misses you.
You open the door.
An orc skeleton comes into view.
The adder bites you.
You are poisoned.
The adder poisons you! The ogre hits you with a +0 giant club.
* * * LOW HITPOINT WARNING * * *
The adder bites you.
An orc comes into view. It is wielding a +0 whip.
The orc hits you with a +0 club.
* * * LOW HITPOINT WARNING * * *
Found a ring mail.
Unknown command.
You die...
Fedhas appreciates your contribution to the ecosystem.

#....*#.#*#.##.....#
#....##.# #.##.....#
#....##.###.##.....#
#....##......#.....#
*****##............##.....
*,,,,.?............''.....
*****,**#..........##)....
#.###..........##.....
#....@.S........#.....
####...O........#.....
*****##'#o........#.....
*,+,*,#[#.........#.....
***+*+#Z#.........#.....
*,+,,,+.#.........#,....
***,,,###...#######**###
*,+,,,+,#...#***********
***+*+*+*o..+,,,,,,,,,,*


You could see an ogre, an adder, an orc and an orc skeleton.

Vanquished Creatures
  2 orcs
2 creatures vanquished.

Notes
Turn   | Place    | Note
-------+----------+-------------------------------------------
     0 | D:5      | Masnef the Vine Stalker Delver began the quest for the Orb.
     0 | D:5      | Reached XP level 1. HP: 11/11 MP: 2/2
     6 | D:4      | Noticed an orc wizard
     6 | D:4      | Noticed an orc priest
    12 | D:3      | Noticed Sigmund
   454 | D:4      | Found a staircase to the Ecumenical Temple.
   467 | Temple   | Entered the Ecumenical Temple
   792 | Temple   | Became a worshipper of Fedhas Madash
   820 | D:4      | Noticed a worker ant
   825 | D:4      | Noticed an ogre
   838 | D:4      | Succumbed to an adder's poison

Illustrated notes

Levels and vault maps discovered:
D:3:      layout_basic, uniq_sigmund
D:4:      layout_basic, minmay_temple_entry_mist,
          nicolae_ossuary_entry_catacombs, minmay_misc_feat_roman, uniq_menkaure
D:5:      layout_basic, serial_curves, eino_curves_03, eino_curves_01,
          uniq_duvessa
Temple:   compressed_dpeg_triangle_lava_temple

Action                   || total
-------------------------++-------
Melee: Short sword       ||     7
       Bite              ||     3
  Use: Scroll            ||     1
Armor: Leather armour    ||     8
Dodge: Dodged            ||    19

Table legend: (Time is in decaauts)
 A = Elapsed time spent in this place.
 B = Non-inter-level travel time spent in this place.
 C = Inter-level travel time spent in this place.
 D = Time resting spent in this place.
 E = Time spent auto-exploring this place.
 F = Levels seen in this place.
 G = Mean time per level.
                   A        B        C        D        E       F      G
               +--------+--------+--------+--------+--------+-----+--------+
         Total |    841 |    833 |      8 |    302 |    282 |   4 |  210.2 |
       Dungeon |    497 |    489 |      8 |    302 |      2 |   3 |  165.7 |
        Temple |    343 |    343 |      0 |      0 |    280 |   1 |  343.0 |
               +--------+--------+--------+--------+--------+-----+--------+

Top non-repeatable levels by time:
     D:4: 406 daAuts
  Temple: 343 daAuts
     D:3: 84 daAuts
     D:5: 6 daAuts
